AoeStats
← 悠律

Lombardia

509144119Analyzed
4v4 RM · 7d ago on Sep 25, 2026· 24m 0s· 8 players
Game mode
Random Map
Map size
Large (8 player)
Population
200
Speed
Normal
Resources
Standard
Victory
Conquest
Starting age
Dark Age
Ending age
Imperial Age
RankedLock teamsTeams togetherTeam positionsShared explorationLock speedFull tech treeHidden civsTurbo modeCheats
Victory
Defeat
🇧🇷 Mongols · Brazil
1836
+13
🇨🇳 Wei · China
1801
+14
🇲🇽 Khmer · Mexico
1787
+15
🇵🇹 Varangians · Portugal
1693
+19
🇨🇳 Celts · China
1875
-20
🇨🇳 Persians · China
1822
-18
1741
-14
🇨🇳 Magyars · China
1597
-9
RTMaxwell
8:18 Loom
10:50 Feudal Age
12:11 Double-Bit Axe
14:58 Castle Age
13:04 Horse Collar
15:58 Bow Saw
15:48 Heavy Plow
21:29 Wheelbarrow
21:47 Town Watch
22:45 Hand Cart
悠律
5:37 Loom
8:37 Feudal Age
9:07 Double-Bit Axe
10:28 Horse Collar
19:38 Castle Age
19:03 Town Watch
20:27 Bow Saw
20:20 Heavy Plow
20:42 Town Patrol
21:23 Wheelbarrow
犹大sama
10:58 Feudal Age
14:32 Castle Age
13:07 Double-Bit Axe
14:10 Horse Collar
16:13 Bow Saw
17:39 Wheelbarrow
19:17 Gold Mining
21:10 Scale Barding Armor
鹿乃子乃子虎视眈眈
8:04 Loom
10:59 Feudal Age
14:39 Castle Age
12:59 Double-Bit Axe
13:35 Horse Collar
21:21 Wheelbarrow
21:55 Bow Saw
|Thepejezombie
5:37 Loom
8:05 Feudal Age
8:35 Double-Bit Axe
18:59 Castle Age
16:45 Horse Collar
20:23 Bow Saw
SupeR_Faraday
10:12 Feudal Age
11:00 Double-Bit Axe
13:57 Castle Age
11:59 Horse Collar
15:15 Bow Saw
20:15 Heavy Plow
21:27 Gold Mining
22:22 Wheelbarrow
22:14 Fletching
Kold
6:21 Loom
11:54 Feudal Age
16:07 Castle Age
14:22 Double-Bit Axe
17:57 Horse Collar
19:51 Bow Saw
23:00 Heavy Plow
23:50 Wheelbarrow
回忆里太多好
10:29 Feudal Age
11:36 Double-Bit Axe
14:34 Castle Age
12:25 Horse Collar
15:57 Bow Saw
22:21 Heavy Plow
22:34 Gold Mining
23:28 Stone Mining
24:56 Wheelbarrow
24:59 Gold Shaft Mining
24:59 Stone Shaft Mining
Connection lost

Rejoining the realm…

Still unreachable

The connection could not be restored.

Session expired

The server has moved on; the page needs a fresh start.